 Dungeon Crawl Stone Soup version 0.31.0-9-g3a7656b989 (webtiles) character file.

Game seed: 15555344760170256719

5296 qw the Markself (level 10, -1/56 HPs)
             Began as a Deep Elf Hunter on Feb 2, 2024.
             Was a Believer of Okawaru.
             Slain by a yak (12 damage)
             ... on level 8 of the Dungeon.
             The game lasted 00:00:35 (6093 turns).

qw the Markself (Deep Elf Hunter)                   Turns: 6093, Time: 00:00:36

Health: -1/56      AC: 13    Str: 12    XL:     10   Next: 37%
Magic:  13/15      EV: 16    Int: 15    God:    Okawaru [**....]
Gold:   376        SH:  0    Dex: 18    Spells: 9/9 levels left

rFire   + . .        b - +5 hand cannon (flame)
rCold   + . .        (no shield)
rNeg    . . .        d - +1 ring mail
rPois   .            c - +0 helmet
rElec   .            n - scarf {rC+ rF+}
rCorr   .            (no gloves)
SInv    .            (no boots)
Will    +....        (no amulet)
Stlth   +++          e - +4 ring of protection
HPRegen 0.29/turn    (no ring)
MPRegen 0.14/turn

%: no passive effects
@: about to teleport, heroic
A: no striking features
a: Renounce Religion, Heroism


You were on level 8 of the Dungeon.
You worshipped Okawaru.
Okawaru was pleased with you.
You visited 2 branches of the dungeon, and saw 9 of its levels.

You collected 466 gold pieces.
You spent 90 gold pieces at shops.


   Skills:
 - Level 4.0(9.0) Fighting
 + Level 17.2(22.2) Ranged Weapons
 - Level 2.4(7.4) Armour
 - Level 6.1(11.1) Dodging
 - Level 1.2(6.2) Stealth
 - Level 4.1 Invocations


You had 9 spell levels left.
You didn't know any spells.
Your spell library was empty.

Inventory:

Hand Weapons
 b - a +5 hand cannon of flaming (weapon)
Armour
 c - a +0 helmet (worn)
 d - a +1 ring mail (worn)
 g - a +0 cloak
 h - a +2 leather armour of cold resistance
 n - a scarf of resistance (worn)
Jewellery
 e - a +4 ring of protection (left hand)
Wands
 f - a wand of light (16)
 j - a wand of iceblast (5)
 q - a wand of paralysis (7)
 r - a wand of polymorph (9)
Scrolls
 i - a scroll of teleportation
 k - a scroll of identify
Potions
 a - 3 potions of resistance
 l - 2 potions of mutation
 m - a potion of curing
 o - a potion of invisibility {unknown}
 p - a potion of might
 t - a potion of haste

Dungeon Overview and Level Annotations

Branches:
Dungeon (8/15)             Temple (1/1) D:6            Lair (0/5) D:8

Altars:
Ashenzari
Cheibriados
Dithmenos
Elyvilon
Fedhas
Gozag
Hepliaklqana
Kikubaaqudgha
Makhleb
Nemelex Xobeh
Okawaru
Qazlal
Sif Muna
Trog
Uskayaw
Vehumet
Wu Jian
Xom
Yredelemnul
Zin
The Shining One

Annotations:
D:3 3 runed translucent doors, qw's ghost, amateur SpHu
D:4 1 runed translucent door, Crazy Yiuf


Message History

The bolt burns the howler monkey.
You kill the howler monkey!
Okawaru accepts your kill.
A water moccasin comes into view.
A yak comes into view.
6087 ||| RETREEEEATING.
You shoot a bolt. The bolt hits the yak!
The bolt burns the yak.
The yak is almost dead.
The yak gores you!
The howler monkey hoots and howls with incredible vigour!
Enter note:
Enter note:
Enter note:
6088 ||| RETREEEEATING.
Enter note:
Enter note:
Enter note: You shoot a bolt.
The bolt hits the howler monkey!
The bolt burns the howler monkey.
You kill the howler monkey!
Okawaru accepts your kill.
Enter note:
Enter note:
Enter note:
6090 ||| RETREEEEATING.
The water moccasin attacks as it pursues you!
The water moccasin closely misses you.
The water moccasin bites you but does no damage.
6091 ||| INVOKING Heroism.
You gain the combat prowess of a mighty hero.
The yak gores you but does no damage.
The water moccasin completely misses you.
You shoot a bolt. The bolt hits the yak!
The bolt burns the yak.
The yak is heavily wounded.
The water moccasin misses you. The yak gores you!
The water moccasin completely misses you.
6093 ||| READING 2 scrolls of teleportation.
As you read the scroll of teleportation, it crumbles to dust.
You feel strangely unstable. The yak gores you!
You die...

#.#.#
#[....._.#.
#...###
###......#.
####.)Y##
##.......
..#.#YY#
#.......
...##Y#
########
.....##.###
#....#Y##...#
#....#S##Y..#
.....#@YYY..#
....
####).....#
...$.#####
#.##.## ..
... . ....
......
.K.....


You could see 5 yaks and a water moccasin.

Vanquished Creatures
  Maurice (D:7)
  Joseph (D:8)
  Maggie (D:7)
  Psyche (D:8)
  Grinder (D:4)
  Prince Ribbit (D:5)
  Sigmund (D:4)
  6 yaks (D:8)
  A steam dragon (D:8)
  A water moccasin (D:6)
  A black bear (D:5)
  2 sky beasts
  An ice beast (D:8)
  An ogre (D:5)
  2 phantoms
  2 centaurs
  A kobold brigand (D:8)
  A bullfrog (D:6)
  A weeping skull (D:7)
  A gnoll sergeant (D:7)
  A scorpion (D:7)
  5 wights
  5 howler monkeys
  2 bombardier beetles
  3 hounds
  2 jellies
  3 orc priests
  4 iguanas
  A sleepcap (D:4)
  Jessica (D:3)
  Terence (D:3)
  4 orc wizards
  Robin (D:3)
  4 gnolls (D:7)
  4 adders
  A shadow imp (D:6)
  A white imp (D:6)
  3 ribbon worms
  4 dart slugs
  36 orcs
  8 ball pythons
  10 bats
  4 endoplasms
  3 giant cockroaches
  15 goblins
  9 hobgoblins
  6 jackals
  12 kobolds
  5 quokkas
  2 frilled lizards (D:3)
  2 goblin skeletons (D:6)
  2 goblin zombies (D:6)
  2 hobgoblin zombies (D:6)
  2 kobold zombies (D:6)
  An orc skeleton (D:6)
  An orc zombie (D:6)
  5 rats
  A spectral orc (D:7)
204 creatures vanquished.

Notes
Turn   | Place    | Note
-------+----------+-------------------------------------------
     0 | D:1      | qw the Deep Elf Hunter began the quest for the Orb.
     0 | D:1      | Reached XP level 1. HP: 12/12 MP: 3/3
     0 | D:1      | 0 ||| qw: Version: 0.3-a-155-g5e7d8dd
     0 | D:1      | 0 ||| qw: Game counter: 1105
     0 | D:1      | 0 ||| qw: Melee chars always use a shield: true
     0 | D:1      | 0 ||| qw: God list: Okawaru
     0 | D:1      | 0 ||| qw: Allow faded altars: false
     0 | D:1      | 0 ||| qw: Do Orc after clearing Dungeon:15 true
     0 | D:1      | 0 ||| qw: Do second Lair branch before Depths: true
     0 | D:1      | 0 ||| qw: Lair rune preference: random
     0 | D:1      | 0 ||| qw: Goals: Normal
     0 | D:1      | 0 ||| PLANNING D:1-11
    39 | D:1      | 39 ||| RETREEEEATING.
    44 | D:1      | Reached XP level 2. HP: 6/16 MP: 4/4
    46 | D:1      | Reached skill level 6 in Ranged Weapons
   152 | D:1      | Found a faded altar of an unknown god.
   223 | D:1      | Reached XP level 3. HP: 20/20 MP: 5/5
   405 | D:1      | 405 ||| UPGRADING to +0 ring mail.
   415 | D:1      | 415 ||| DROPPING +0 leather armour.
   416 | D:1      | 416 ||| UPGRADING to +4 ring of protection.
   417 | D:1      | 417 ||| READING 2 scrolls labelled UNICEROEFFE.
   421 | D:1      | 421 ||| READING scroll labelled OWKUUC YDAENTIBO.
   457 | D:1      | 457 ||| READING scroll labelled BEGUSHR CUS CET.
   458 | D:1      | 458 ||| READING scroll labelled ILAAFA HOUFOA.
   458 | D:1      | 458 ||| ENCHANTING +0 ring mail.
   459 | D:1      | 459 ||| READING scroll labelled LIOTZI QAMN.
   460 | D:1      | 460 ||| DROPPING scroll of butterflies.
   507 | D:2      | Found a shimmering blue altar of Sif Muna.
   521 | D:2      | Reached skill level 7 in Ranged Weapons
  1287 | D:2      | 1287 ||| DROPPING +1 leather armour of cold resistance.
  1288 | D:2      | 1288 ||| READING scroll labelled DOKAGO JEEDIOH.
  1389 | D:2      | 1389 ||| READING scroll labelled KOUNEE CAAM.
  1389 | D:2      | Identified a scroll of acquirement
  1389 | D:2      | 1389 ||| ACQUIRING +4 hand cannon of flaming
  1389 | D:2      | Acquired a +4 hand cannon of flaming
  1391 | D:2      | 1391 ||| SWAPPING to +4 hand cannon of flaming.
  1392 | D:2      | 1392 ||| DROPPING +0 shortbow.
  1393 | D:2      | 1393 ||| READING 3 scrolls labelled KEBBECODAK.
  1393 | D:2      | 1393 ||| IDENTIFYING red potion
  1394 | D:2      | 1394 ||| READING 2 scrolls of identify.
  1394 | D:2      | 1394 ||| IDENTIFYING 4 murky coppery potions
  1395 | D:2      | 1395 ||| READING scroll of identify.
  1395 | D:2      | 1395 ||| IDENTIFYING scroll labelled YSHRO EVAIR
  1396 | D:2      | 1396 ||| DROPPING scroll of revelation.
  1397 | D:2      | 1397 ||| DROPPING potion of berserk rage.
  1415 | D:3      | Noticed Terence
  1419 | D:3      | Killed Terence
  1420 | D:3      | Reached XP level 4. HP: 14/25 MP: 6/6
  1420 | D:3      | Noticed Jessica
  1421 | D:3      | Killed Jessica
  1422 | D:3      | Reached skill level 8 in Ranged Weapons
  1501 | D:3      | Noticed Robin
  1505 | D:3      | Reached XP level 5. HP: 29/29 MP: 7/7
  1510 | D:3      | Killed Robin
  1514 | D:3      | HP: 3/29 [hobgoblin[Robin] (5)]
  1515 | D:3      | 1515 ||| READING scroll of teleportation.
  1516 | D:3      | 1516 ||| DRINKING 4 potions of heal wounds.
  1526 | D:3      | 1526 ||| FLEEEEING.
  1529 | D:3      | 1529 ||| FLEEEEING.
  1536 | D:3      | Reached skill level 9 in Ranged Weapons
  1558 | D:3      | 1558 ||| FLEEEEING.
  1559 | D:3      | 1559 ||| FLEEEEING.
  1562 | D:3      | 1562 ||| FLEEEEING.
  1564 | D:3      | 1564 ||| FLEEEEING.
  1565 | D:3      | 1565 ||| STAIRDANCE
  1608 | D:2      | 1608 ||| READING scroll labelled HEIMUB UWNU.
  1706 | D:3      | Found a runed translucent gate.
  1707 | D:3      | Found a runed translucent gate.
  1713 | D:3      | Found a runed translucent gate.
  1716 | D:3      | Noticed qw's ghost (amateur SpHu)
  2001 | D:3      | 2001 ||| UPGRADING to +0 helmet.
  2006 | D:3      | 2006 ||| READING scroll labelled JIORAI QEOSENY.
  2023 | D:4      | Noticed Grinder
  2028 | D:4      | Reached XP level 6. HP: 35/35 MP: 8/8
  2034 | D:4      | Killed Grinder
  2035 | D:4      | Reached skill level 10 in Ranged Weapons
  2035 | D:4      | Reached XP level 7. HP: 26/40 MP: 9/9
  2036 | D:4      | 2036 ||| STAIRDANCE
  2187 | D:4      | Reached skill level 3 in Dodging
  2426 | D:4      | Noticed Sigmund
  2428 | D:4      | Killed Sigmund
  2462 | D:4      | Found a runed translucent door.
  2463 | D:4      | Noticed Crazy Yiuf
  2632 | D:4      | 2632 ||| READING 3 scrolls of identify.
  2632 | D:4      | 2632 ||| IDENTIFYING grey potion
  2654 | D:5      | Entered Level 5 of the Dungeon
  2662 | D:5      | Reached skill level 11 in Ranged Weapons
  2686 | D:5      | Found a bloodstained altar of Trog.
  2886 | D:5      | Reached skill level 12 in Ranged Weapons
  2886 | D:5      | Reached XP level 8. HP: 44/44 MP: 10/10
  3259 | D:5      | Found a stormy altar of Qazlal.
  3494 | D:5      | 3494 ||| READING 3 scrolls of identify.
  3494 | D:5      | 3494 ||| IDENTIFYING coppery potion
  3495 | D:5      | 3495 ||| READING 2 scrolls of identify.
  3495 | D:5      | 3495 ||| IDENTIFYING clear potion
  3496 | D:5      | 3496 ||| READING scroll of identify.
  3496 | D:5      | 3496 ||| IDENTIFYING scroll labelled SYTZOBUDDI
  3497 | D:5      | 3497 ||| DROPPING scroll of poison.
  3529 | D:6      | 3529 ||| STAIRDANCE
  3529 | D:6      | Noticed Prince Ribbit
  3534 | D:5      | Reached skill level 3 in Fighting
  3598 | D:6      | 3598 ||| STAIRDANCE
  3600 | D:5      | 3600 ||| DRINKING potion of haste.
  3606 | D:5      | HP: 9/46 [Prince Ribbit (15)]
  3607 | D:5      | 3607 ||| READING 2 scrolls of teleportation.
  3608 | D:5      | 3608 ||| DRINKING 3 potions of heal wounds.
  3735 | D:5      | Killed Prince Ribbit
  3754 | D:6      | 3754 ||| STAIRDANCE
  3760 | D:6      | 3760 ||| STAIRDANCE
  3769 | D:6      | 3769 ||| Stepping randomly (disturbance).
  3770 | D:6      | 3770 ||| Stepping randomly (disturbance).
  3771 | D:6      | 3771 ||| Stepping randomly (disturbance).
  3889 | D:6      | Reached skill level 13 in Ranged Weapons
  3993 | D:6      | Found a glowing golden altar of the Shining One.
  4262 | D:6      | Found a staircase to the Ecumenical Temple.
  4263 | D:6      | 4263 ||| PLANNING TEMPLE
  4263 | D:6      | 4263 ||| READING scroll of identify.
  4263 | D:6      | 4263 ||| IDENTIFYING metallic purple potion
  4264 | D:6      | 4264 ||| READING scroll labelled PUS JANLIR.
  4265 | D:6      | 4265 ||| DRINKING 3 fizzy golden potions.
  4309 | D:6      | 4309 ||| DROPPING 2 potions of lignification.
  4310 | D:6      | 4310 ||| DROPPING potion of magic.
  4319 | Temple   | Entered the Ecumenical Temple
  4320 | Temple   | 4320 ||| PLANNING OKAWARU WORSHIP
  4330 | Temple   | Became a worshipper of Warmaster Okawaru
  4331 | Temple   | 4331 ||| PLANNING D:1-11
  4555 | D:7      | 4555 ||| RETREEEEATING.
  4557 | D:7      | 4557 ||| RETREEEEATING.
  4559 | D:7      | Reached skill level 14 in Ranged Weapons
  4559 | D:7      | Reached XP level 9. HP: 50/50 MP: 11/11
  4568 | D:7      | HP: 7/48 [wight/+0 spear (9)]
  4569 | D:7      | 4569 ||| READING 2 scrolls of teleportation.
  4569 | D:7      | HP: 2/48 [iguana (5)]
  4570 | D:7      | 4570 ||| DRINKING 2 potions of heal wounds.
  4572 | D:7      | 4572 ||| DRINKING potion of heal wounds.
  4782 | D:7      | Found an ornate altar of the Wu Jian Council.
  4818 | D:7      | Noticed Maurice
  4820 | D:7      | 4820 ||| DRINKING potion of haste.
  4824 | D:7      | 4824 ||| FLEEEEING.
  4825 | D:7      | 4825 ||| FLEEEEING.
  4826 | D:7      | 4826 ||| FLEEEEING.
  4829 | D:7      | 4829 ||| FLEEEEING.
  4836 | D:7      | Maurice stole 170 gold
  4841 | D:7      | Killed Maurice
  4842 | D:7      | Reached skill level 15 in Ranged Weapons
  4960 | D:7      | Found Zin's Purification Station.
  4960 | D:7      | Found a glowing silver altar of Zin.
  4969 | D:7      | 4969 ||| BUYING potion of curing (90 gold).
  4969 | D:7      | Bought a potion of curing for 90 gold pieces
  5070 | D:7      | Reached * piety under Okawaru
  5222 | D:7      | Noticed Maggie
  5223 | D:7      | 5223 ||| ZAPPING wand of paralysis (9) at 7,-1 (Maggie;
                  | floor).
  5224 | D:7      | 5224 ||| ZAPPING wand of paralysis (8) at 6,0 (Maggie;
                  | floor).
  5226 | D:7      | 5226 ||| ZAPPING wand of light (20) at 5,0 (Maggie; floor).
  5227 | D:7      | 5227 ||| ZAPPING wand of light (19) at 4,0 (Maggie; floor).
  5228 | D:7      | 5228 ||| ZAPPING wand of light (18) at 4,0 (Maggie; floor).
  5229 | D:7      | 5229 ||| ZAPPING wand of light (17) at 3,0 (Maggie; floor).
  5230 | D:7      | 5230 ||| INVOKING Heroism.
  5231 | D:7      | Killed Maggie
  5291 | D:7      | Found a basalt altar of Yredelemnul.
  5546 | D:7      | Reached skill level 1 in Invocations
  5580 | D:7      | 5580 ||| UPGRADING to +0 cloak.
  5585 | D:7      | 5585 ||| UPGRADING to scarf of resistance.
  5595 | D:7      | 5595 ||| DROPPING scarf of invisibility.
  5596 | D:7      | 5596 ||| READING scroll of identify.
  5596 | D:7      | 5596 ||| IDENTIFYING green potion
  5597 | D:7      | 5597 ||| READING scroll labelled SOFAROESHEO.
  5597 | D:7      | 5597 ||| ENCHANTING +4 hand cannon of flaming.
  5598 | D:7      | 5598 ||| READING scroll labelled NOQUYR KOWNELI.
  5599 | D:7      | 5599 ||| DROPPING wand of flame (13).
  5625 | D:8      | Reached skill level 16 in Ranged Weapons
  5637 | D:8      | Found a staircase to the Lair.
  5647 | D:8      | Noticed Psyche
  5648 | D:8      | 5648 ||| INVOKING Heroism.
  5660 | D:8      | Killed Psyche
  5661 | D:8      | Reached skill level 3 in Invocations
  5815 | D:8      | Found a white marble altar of Elyvilon.
  5831 | D:8      | Reached ** piety under Okawaru
  5832 | D:8      | Reached XP level 10. HP: 56/56 MP: 14/14
  5835 | D:8      | Reached skill level 6 in Dodging
  5836 | D:8      | 5836 ||| RETREEEEATING.
  6018 | D:8      | Noticed Joseph
  6019 | D:8      | 6019 ||| INVOKING Heroism.
  6023 | D:8      | 6023 ||| FLEEEEING.
  6024 | D:8      | 6024 ||| FLEEEEING.
  6025 | D:8      | 6025 ||| FLEEEEING.
  6026 | D:8      | 6026 ||| FLEEEEING.
  6027 | D:8      | 6027 ||| FLEEEEING.
  6029 | D:8      | Killed Joseph
  6030 | D:8      | Reached skill level 17 in Ranged Weapons
  6079 | D:8      | 6079 ||| RETREEEEATING.
  6080 | D:8      | 6080 ||| RETREEEEATING.
  6082 | D:8      | 6082 ||| RETREEEEATING.
  6083 | D:8      | 6083 ||| RETREEEEATING.
  6084 | D:8      | 6084 ||| RETREEEEATING.
  6085 | D:8      | 6085 ||| RETREEEEATING.
  6087 | D:8      | 6087 ||| RETREEEEATING.
  6088 | D:8      | 6088 ||| RETREEEEATING.
  6090 | D:8      | 6090 ||| RETREEEEATING.
  6091 | D:8      | 6091 ||| INVOKING Heroism.
  6092 | D:8      | HP: 11/56 [yak (10)]
  6093 | D:8      | 6093 ||| READING 2 scrolls of teleportation.
  6093 | D:8      | Slain by a yak

Levels and vault maps discovered:
D:1:      mainiacjoe_arrival_reflecting_pool, layout_rooms,
          hellmonk_ecumenical_altar_heavens_door
D:2:      layout_basic, basic_altar, minmay_quadrilaterals
D:3:      layout_rooms, gammafunk_ghost_split, uniq_terence, uniq_jessica,
          uniq_robin
D:4:      layout_rooms, uniq_grinder, uniq_sigmund, uniq_crazy_yiuf_cottage
D:5:      layout_loops_ring, amcnicky_altar_gilded, kennysheep_mini_moat
D:6:      layout_loops_ring, nicolae_tso_besieged_by_evil,
          minmay_temple_entry_drinking_statues, uniq_prince_ribbit1
D:7:      layout_cave_pods, nicolae_wu_jian_immortal_techniques, zin_purify,
          yredelemnul_forgotten_temple_becter, uniq_maggie, uniq_maurice
D:8:      layout_rooms, mainiacjoe_overflow_chevrons, lair_entry_dummy,
          nicolae_eternal_life, grunt_livestock, uniq_psyche, uniq_joseph
Temple:   nicolae_temple_superstar

Skill      XL: |  1  2  3  4  5  6  7  8  9 10 |
---------------+-------------------------------+-----
Ranged Weapons | 6 7 8 9 10 12 14 16 17 | 17.2
Fighting       | 2 3 4 |  4.0
Dodging        | 3 5 6 |  6.1
Armour         | 2 |  2.4
Invocations    | 3 4 |  4.1
Stealth        | |  1.2

Action                     |  1- 3 |  4- 6 |  7- 9 | 10-12 || total
---------------------------+-------+-------+-------+-------++-------
   Fire: Shortbow          |   138 |       |       |       ||   138
         Hand cannon       |     5 |    71 |   211 |    42 ||   329
 Invoke: Heroism           |       |       |     2 |     2 ||     4
  Evoke: Wand              |       |       |     6 |       ||     6
    Use: Scroll            |    10 |     3 |    11 |     1 ||    25
         Potion            |       |     1 |     6 |       ||     7
 Armour: Leather armour    |    17 |       |       |       ||    17
         Ring mail         |    23 |    77 |    81 |    20 ||   201
         Skin              |       |       |     6 |       ||     6
  Dodge: Dodged            |    38 |    65 |    65 |    22 ||   190

Table legend:
 A = Non-vault XP
 B = Vault XP
 C = Vault XP percentage of total XP
 D = Non-vault monster count
 E = Vault monster count
 F = Vault count percentage of total count
                 A         B        C        D         E       F
            +---------+---------+-------+---------+---------+-------
      Total |    4756 |    2811 |  37.1 |     168 |      36 |  17.6
            +---------+---------+-------+---------+---------+-------
        D:1 |      51 |       0 |   0.0 |      28 |       0 |   0.0
        D:2 |      38 |       6 |  13.6 |      19 |       3 |  13.6
        D:3 |     146 |     106 |  42.1 |      26 |      13 |  33.3
        D:4 |     174 |     531 |  75.3 |      13 |       2 |  13.3
        D:5 |     743 |     296 |  28.5 |      20 |       1 |   4.8
        D:6 |     624 |      20 |   3.1 |      12 |      11 |  47.8
        D:7 |     971 |    1037 |  51.6 |      23 |       4 |  14.8
        D:8 |    2009 |     815 |  28.9 |      27 |       2 |   6.9
            +---------+---------+-------+---------+---------+-------
